PCL
SPOKANE TRAPPERS @ CALGARY COWBOYS
05/12/2030
 
TOP OF THE 1ST
Spokane Trappers batting - Pitching for Calgary Cowboys : RHP William Bryant
Pitching: RHP William Bryant
Batting: RHB Enrique Mendoza 0-0: Ball
1-0: Ground out 4-3 (Groundball, 4)
Batting: RHB Danny Crouch 0-0: Foul Ball, location: 2F
0-1: Called Strike
0-2: Ball
1-2: Ball
2-2: Ball
3-2: Strikes out looking
Batting: SHB Chris Bennis 0-0: Ball
1-0: Ball
2-0: Ball
3-0: Base on Balls
Batting: RHB Carlos García 0-0: Ball
Wild Pitch!
Chris Bennis to second
1-0: Ball
2-0: Swinging Strike
2-1: Fly out, F4 (Popup, 4)
Top of the 1st over - 0 runs, 0 hits, 0 errors, 1 left on base; Spokane 0 - Calgary 0
BOTTOM OF THE 1ST
Calgary Cowboys batting - Pitching for Spokane Trappers : RHP Manny Canseco
Pitching: RHP Manny Canseco
Batting: RHB Tom Rowe 0-0: Ball
1-0: Bunt for hit - play at first, batter OUT! 2-3
Batting: RHB César Rodríguez 0-0: Called Strike
0-1: Called Strike
0-2: Ball
1-2: Ball
2-2: Foul Ball, location: 2F
2-2: Foul Ball, location: 2F
2-2: Ball
3-2: Fly out, F7 (Flyball, 7S)
Batting: LHB Edgar López 0-0: Called Strike
0-1: SINGLE (Line Drive, 89S)
Batting: LHB Miguel Pérez 0-0: Called Strike
0-1: Called Strike
0-2: 2-RUN HOME RUN (Flyball, 9LD), Distance : 325 ft
Batting: LHB Del Kennedy 0-0: Ball
1-0: Called Strike
1-1: Ground out 6-3 (Groundball, 6M)
Bottom of the 1st over - 2 runs, 2 hits, 0 errors, 0 left on base; Spokane 0 - Calgary 2
TOP OF THE 2ND
Spokane Trappers batting - Pitching for Calgary Cowboys : RHP William Bryant
Batting: LHB Harry Pitts 0-0: Ball
1-0: Swinging Strike
1-1: Ball
2-1: Swinging Strike
2-2: Strikes out swinging
Batting: LHB Sixto Cantú 0-0: Ball
1-0: Called Strike
1-1: Ball
2-1: Ball
3-1: DOUBLE (Flyball, 78D)
Batting: RHB Andrew Good 0-0: Called Strike
0-1: Swinging Strike
0-2: Ball
1-2: Strikes out swinging
Batting: RHB Freddy Padilla 0-0: DOUBLE (Groundball, 5L)
Sixto Cantú scores
Batting: RHB Alberto Velásquez 0-0: Ball
1-0: Ball
2-0: Foul Ball, location: 2F
2-1: Foul Ball, location: 2F
2-2: Foul Ball, location: 2F
2-2: Ball
3-2: Base on Balls
Batting: RHB Enrique Mendoza 0-0: Ball
1-0: Foul Ball, location: 2F
1-1: Foul Ball, location: 2F
1-2: Strikes out swinging
Top of the 2nd over - 1 run, 2 hits, 0 errors, 2 left on base; Spokane 1 - Calgary 2
BOTTOM OF THE 2ND
Calgary Cowboys batting - Pitching for Spokane Trappers : RHP Manny Canseco
Batting: RHB Joe Lewis 0-0: Called Strike
0-1: Foul Ball, location: 2F
0-2: Fly out, F9 (Flyball, 9S)
Batting: LHB Bo Rush 0-0: Ball
1-0: Called Strike
1-1: Ball
2-1: Ball
3-1: Foul Ball, location: 2F
3-2: Ground out U3 (Groundball, 34)
Batting: RHB Ismael Ortíz 0-0: Called Strike
0-1: Foul Ball, location: 2F
0-2: Ball
1-2: Foul Ball, location: 2F
1-2: Strikes out looking
Bottom of the 2nd over - 0 runs, 0 hits, 0 errors, 0 left on base; Spokane 1 - Calgary 2
TOP OF THE 3RD
Spokane Trappers batting - Pitching for Calgary Cowboys : RHP William Bryant
Batting: RHB Danny Crouch 0-0: Foul Ball, location: 2F
0-1: Foul Ball, location: 2F
0-2: Strikes out swinging
Batting: SHB Chris Bennis 0-0: Foul Ball, location: 2F
0-1: Swinging Strike
0-2: Foul Ball, location: 2F
0-2: Strikes out looking
Batting: RHB Carlos García 0-0: Ball
1-0: Foul Ball, location: 2F
1-1: Ground out U3 (Groundball, 3S)
Top of the 3rd over - 0 runs, 0 hits, 0 errors, 0 left on base; Spokane 1 - Calgary 2
BOTTOM OF THE 3RD
Calgary Cowboys batting - Pitching for Spokane Trappers : RHP Manny Canseco
Batting: RHB Mario Sánchez 0-0: Foul Ball, location: 2F
0-1: Ground out 6-3 (Groundball, 6)
Batting: RHB Tom Rowe 0-0: Ball
1-0: Called Strike
1-1: Ball
2-1: Bunt for hit - play at first, batter OUT! 1-3
Batting: RHB César Rodríguez 0-0: SOLO HOME RUN (Flyball, 9LD), Distance : 338 ft
Batting: LHB Edgar López 0-0: Ball
1-0: Ball
2-0: Foul Ball, location: 2F
2-1: Foul Ball, location: 2F
2-2: Ground out 4-3 (Groundball, 4)
Bottom of the 3rd over - 1 run, 1 hit, 0 errors, 0 left on base; Spokane 1 - Calgary 3
TOP OF THE 4TH
Spokane Trappers batting - Pitching for Calgary Cowboys : RHP William Bryant
Batting: LHB Harry Pitts 0-0: Ball
1-0: Ball
2-0: Ball
3-0: Base on Balls
Batting: LHB Sixto Cantú 0-0: Ball
1-0: Ball
2-0: Foul Ball, location: 2F
2-1: 2-RUN HOME RUN (Flyball, 7D), Distance : 371 ft
Batting: RHB Andrew Good 0-0: Called Strike
0-1: Foul Ball, location: 2F
0-2: Foul Ball, location: 2F
0-2: Ball
1-2: Ball
2-2: Ball
3-2: SINGLE (Groundball, 4MD)
Batting: RHB Freddy Padilla 0-0: Ball
1-0: Foul Ball, location: 2F
1-1: Ground out 4-3 (Groundball, 4MS)
Andrew Good to second
Batting: RHB Alberto Velásquez 0-0: Ball
1-0: Ball
2-0: Ball
3-0: Called Strike
3-1: Fly out, F6 (Popup, 6MD)
Batting: RHB Enrique Mendoza 0-0: Foul Ball, location: 2F
0-1: Ball
1-1: Foul Ball, location: 2F
1-2: Ball
2-2: Reached on error, E6 (Groundball, 6M)
Andrew Good to third
Batting: RHB Danny Crouch 0-0: Ball
1-0: Ball
2-0: Called Strike
2-1: Called Strike
2-2: Ball
3-2: Ground out 1-3 (Groundball, 13S)
Top of the 4th over - 2 runs, 2 hits, 1 error, 2 left on base; Spokane 3 - Calgary 3
BOTTOM OF THE 4TH
Calgary Cowboys batting - Pitching for Spokane Trappers : RHP Manny Canseco
Batting: LHB Miguel Pérez 0-0: Called Strike
0-1: Called Strike
0-2: Ball
1-2: Strikes out swinging
Batting: LHB Del Kennedy 0-0: Called Strike
0-1: Swinging Strike
0-2: Ball
1-2: Foul Ball, location: 2F
1-2: Strikes out swinging
Batting: RHB Joe Lewis 0-0: Called Strike
0-1: Called Strike
0-2: Foul Ball, location: 2F
0-2: Fly out, F5 (Popup, 15)
Bottom of the 4th over - 0 runs, 0 hits, 0 errors, 0 left on base; Spokane 3 - Calgary 3
TOP OF THE 5TH
Spokane Trappers batting - Pitching for Calgary Cowboys : RHP William Bryant
Batting: SHB Chris Bennis 0-0: Ground out 6-3 (Groundball, 6)
Batting: RHB Carlos García 0-0: Ground out 6-3 (Groundball, 6)
Batting: LHB Harry Pitts 0-0: Ball
1-0: Ball
2-0: Called Strike
2-1: Foul Ball, location: 2F
2-2: Ball
3-2: Foul Ball, location: 2F
3-2: Base on Balls
Batting: LHB Sixto Cantú 0-0: Called Strike
0-1: Ball
1-1: Ball
2-1: Ball
3-1: Swinging Strike
3-2: Foul Ball, location: 2F
3-2: Strikes out looking
Top of the 5th over - 0 runs, 0 hits, 0 errors, 1 left on base; Spokane 3 - Calgary 3
BOTTOM OF THE 5TH
Calgary Cowboys batting - Pitching for Spokane Trappers : RHP Manny Canseco
Batting: LHB Bo Rush 0-0: Ball
1-0: Foul Ball, location: 2F
1-1: Swinging Strike
1-2: Ground out 4-3 (Groundball, 4)
Batting: RHB Ismael Ortíz 0-0: Called Strike
0-1: Ball
1-1: Ball
2-1: Ground out 4-3 (Groundball, 4)
Batting: RHB Mario Sánchez 0-0: Foul Ball, location: 2F
0-1: Ball
1-1: Ball
2-1: Swinging Strike
2-2: Strikes out swinging
Bottom of the 5th over - 0 runs, 0 hits, 0 errors, 0 left on base; Spokane 3 - Calgary 3
TOP OF THE 6TH
Spokane Trappers batting - Pitching for Calgary Cowboys : RHP William Bryant
Pitching: RHP Bert Killick
Batting: RHB Andrew Good 0-0: Foul Ball, location: 2F
0-1: Ball
1-1: Ball
2-1: Ball
3-1: Foul Ball, location: 2F
3-2: Strikes out swinging
Batting: RHB Freddy Padilla 0-0: Called Strike
0-1: Ball
1-1: Foul Ball, location: 2F
1-2: Strikes out swinging
Batting: RHB Alberto Velásquez 0-0: Foul Ball, location: 2F
0-1: Swinging Strike
0-2: Ball
1-2: Ball
2-2: Ball
3-2: Ground out 1-3 (Groundball, 13)
Top of the 6th over - 0 runs, 0 hits, 0 errors, 0 left on base; Spokane 3 - Calgary 3
BOTTOM OF THE 6TH
Calgary Cowboys batting - Pitching for Spokane Trappers : RHP Manny Canseco
Batting: RHB Tom Rowe 0-0: Foul Ball, location: 2F
0-1: Ball
1-1: Bunted foul
1-2: Ground out 4-3 (Groundball, 4)
Batting: RHB César Rodríguez 0-0: Foul Ball, location: 2F
0-1: Swinging Strike
0-2: Ball
1-2: Hit by Pitch
Batting: LHB Edgar López 0-0: Called Strike
0-1: Ball
1-1: Ball
2-1: Grounds into double play, 4-6-3 (Groundball, 4)
Bottom of the 6th over - 0 runs, 0 hits, 0 errors, 0 left on base; Spokane 3 - Calgary 3
TOP OF THE 7TH
Spokane Trappers batting - Pitching for Calgary Cowboys : RHP Bert Killick
Pinch Hitting: LHB Stan Bates 0-0: Called Strike
0-1: Foul Ball, location: 2F
0-2: Foul Ball, location: 2F
0-2: SINGLE (Groundball, 56D)
Pinch Hitting: LHB Lorenzo Flores 0-0: Ball
1-0: Ball
2-0: Ball
3-0: Base on Balls
Stan Bates to second
Batting: SHB Chris Bennis 0-0: Called Strike
0-1: Ball
1-1: Foul Ball, location: 2F
1-2: Fly out, F8 (Flyball, 8RM)
Pinch Hitting: LHB José Rivas 0-0: Swinging Strike
0-1: 3-RUN HOME RUN (Line Drive, 9LD), Distance : 340 ft
Pitching: RHP Paul Barton
Batting: LHB Harry Pitts 0-0: Ball
1-0: Called Strike
1-1: Ball
2-1: Ball
3-1: Swinging Strike
3-2: Strikes out swinging
Batting: LHB Sixto Cantú 0-0: Ball
1-0: Foul Ball, location: 2F
1-1: DOUBLE (Flyball, 8RXD)
Batting: RHB Andrew Good 0-0: Ball
1-0: Ball
2-0: Called Strike
2-1: Ball
3-1: Called Strike
3-2: Foul Ball, location: 2F
3-2: Fly out, F9 (Flyball, 89S)
Top of the 7th over - 3 runs, 3 hits, 0 errors, 1 left on base; Spokane 6 - Calgary 3
BOTTOM OF THE 7TH
Calgary Cowboys batting - Pitching for Spokane Trappers : RHP Manny Canseco
Now at 3B: Tommy Evans
Now in LF: José Herrera
Now in RF: José Rivas
Batting: LHB Miguel Pérez 0-0: Ball
1-0: Called Strike
1-1: Ground out 5-3 (Groundball, 5L)
Batting: LHB Del Kennedy 0-0: Called Strike
0-1: Ball
1-1: Foul Ball, location: 2F
1-2: Ball
2-2: Ball
3-2: Foul Ball, location: 2F
3-2: Base on Balls
Batting: RHB Joe Lewis 0-0: Ball
1-0: Ball
2-0: Ball
3-0: Base on Balls
Del Kennedy to second
Batting: LHB Bo Rush 0-0: Called Strike
0-1: Ball
1-1: Called Strike
1-2: Ball
Wild Pitch!
Del Kennedy to third
Joe Lewis to second
2-2: SINGLE (Flyball, 8LS)
Del Kennedy scores
Joe Lewis to third
Pitching: LHP Adrián León
Batting: RHB Ismael Ortíz 0-0: Ball
1-0: Called Strike
1-1: Swinging Strike
1-2: Strikes out swinging
Batting: RHB Mario Sánchez 0-0: SINGLE (Groundball, 56D)
Joe Lewis scores
Bo Rush to second
Batting: RHB Tom Rowe 0-0: Ball
1-0: Called Strike
1-1: Ball
2-1: Swinging Strike
2-2: Ball
3-2: Ground out 4-3 (Groundball, 4)
Bottom of the 7th over - 2 runs, 2 hits, 0 errors, 2 left on base; Spokane 6 - Calgary 5
TOP OF THE 8TH
Spokane Trappers batting - Pitching for Calgary Cowboys : RHP Paul Barton
Batting: RHB Freddy Padilla 0-0: Ball
1-0: Called Strike
1-1: Ground out 5-3 (Groundball, 56)
Batting: RHB Alberto Velásquez 0-0: Ball
1-0: SOLO HOME RUN (Flyball, 8RXD), Distance : 431 ft
Batting: LHB Tommy Evans 0-0: Called Strike
0-1: SINGLE (Groundball, 34D)
Batting: RHB José Herrera 0-0: 2-RUN HOME RUN (Flyball, 9LD), Distance : 323 ft
Pitching: RHP Mitsunari Jouda
Batting: SHB Chris Bennis 0-0: Ball
1-0: Ball
2-0: Called Strike
2-1: Foul Ball, location: 2F
2-2: Ball
3-2: Base on Balls
Batting: LHB José Rivas 0-0: Foul Ball, location: 2F
0-1: Ball
1-1: Foul Ball, location: 2F
1-2: Ball
2-2: Ball
3-2: Foul Ball, location: 2F
3-2: SINGLE (Line Drive, 4M)
Chris Bennis to second
Batting: LHB Harry Pitts 0-0: Called Strike
0-1: Foul Ball, location: 2F
0-2: Ball
1-2: Foul Ball, location: 2F
1-2: Fly out, F9 (Line Drive, 9)
Runner from 2nd tags up, SAFE at 3rd with throw
Batting: LHB Sixto Cantú 0-0: Swinging Strike
0-1: Foul Ball, location: 2F
0-2: Ball
1-2: Foul Ball, location: 2F
1-2: Ball
2-2: SINGLE (Flyball, 7LS)
Chris Bennis scores
José Rivas to second
Batting: RHB Andrew Good 0-0: Called Strike
0-1: SINGLE (Line Drive, 34)
José Rivas to third
Sixto Cantú to second
Runner from 3rd tries for Home, SAFE, no throw
Batting: RHB Freddy Padilla 0-0: Ball
1-0: Called Strike
1-1: Ground out 3-1 (Groundball, 34)
Top of the 8th over - 5 runs, 6 hits, 0 errors, 2 left on base; Spokane 11 - Calgary 5
BOTTOM OF THE 8TH
Calgary Cowboys batting - Pitching for Spokane Trappers : LHP Adrián León
Now at C: José Martínez
Now in CF: Juan Velásquez
Batting: RHB César Rodríguez 0-0: Called Strike
0-1: Ball
1-1: Ball
2-1: Ball
3-1: Ground out 6-3 (Groundball, 6)
Batting: LHB Edgar López 0-0: Ball
1-0: Called Strike
1-1: Foul Ball, location: 2F
1-2: Ball
2-2: Foul Ball, location: 2F
2-2: Ball
3-2: Foul Ball, location: 2F
3-2: Base on Balls
Batting: LHB Miguel Pérez 0-0: Called Strike
0-1: Foul Ball, location: 2F
0-2: Foul Ball, location: 2F
0-2: Ball
1-2: Fly out, F9 (Flyball, 9S)
Batting: LHB Del Kennedy 0-0: Ball
1-0: Ball
2-0: Called Strike
2-1: Ball
3-1: SINGLE (Flyball, 78M)
Edgar López to second
Batting: RHB Joe Lewis 0-0: Swinging Strike
0-1: Swinging Strike
0-2: Ground out 1-3 (Groundball, 15)
Bottom of the 8th over - 0 runs, 1 hit, 0 errors, 2 left on base; Spokane 11 - Calgary 5
TOP OF THE 9TH
Spokane Trappers batting - Pitching for Calgary Cowboys : RHP Mitsunari Jouda
Batting: RHB Alberto Velásquez 0-0: Ball
1-0: Ground out 6-3 (Groundball, 6)
Batting: LHB Tommy Evans 0-0: Ball
1-0: Ground out 1-3 (Groundball, P)
Batting: RHB José Herrera 0-0: Foul Ball, location: 2F
0-1: Called Strike
0-2: Ball
1-2: Ball
2-2: Ball
3-2: Strikes out looking
Top of the 9th over - 0 runs, 0 hits, 0 errors, 0 left on base; Spokane 11 - Calgary 5
BOTTOM OF THE 9TH
Calgary Cowboys batting - Pitching for Spokane Trappers : LHP Adrián León
Batting: LHB Bo Rush 0-0: Called Strike
0-1: Ball
1-1: Foul Ball, location: 2F
1-2: Ball
2-2: Strikes out looking
Batting: RHB Ismael Ortíz 0-0: Ball
1-0: Foul Ball, location: 2F
1-1: Fly out, F9 (Flyball, 9)
Batting: RHB Mario Sánchez 0-0: DOUBLE (Line Drive, 78XD) - OUT at third base trying to stretch hit.
Bottom of the 9th over - 0 runs, 1 hit, 0 errors, 0 left on base; Spokane 11 - Calgary 5
Saturday, April 7th, 2018 - OOTP Baseball 18.8 Build 76